 Dungeon Crawl Stone Soup version 0.30.1-4-g462c640d31 (webtiles) character file.

Game seed: 8679696429997879912

7778 Gogs the Cleaver (level 11, 0/138 HPs)
             Began as an Armataur Berserker on Aug 26, 2023.
             Was an Elder of Trog.
             Slain by Snorg (22 damage)
             ... on level 10 of the Dungeon.
             The game lasted 00:38:34 (11821 turns).

Gogs the Cleaver (Armataur Berserker)              Turns: 11821, Time: 00:38:35

Health: 0/138      AC: 14    Str: 26    XL:     11   Next: 1%
Magic:  11/11      EV: 11    Int:  7    God:    Trog [****..]
Gold:   533        SH: 13    Dex: 11    Spells: 10/10 levels left

rFire   . . .        b - +3 broad axe
rCold   . . .        H - +0 kite shield
rNeg    . . .        C - +0 chain mail
rPois   .            t - +1 helmet
rElec   .            A - +1 cloak
rCorr   +            (no gloves)
SInv    .            (no barding)
Will    .....        F - amulet of reflection Stlth
                     v - +5 ring of evasion
HPRegen 0.43/turn    z - ring of resist corrosion
MPRegen 0.12/turn

%: reflection, roll
@: berserking (expiring), very quick
A: large, rugged brown scales 3, deformed body, armoured tail, roll, long
tongue, awkward tongue
a: Renounce Religion, Berserk, Trog's Hand, Brothers in Arms


You were on level 10 of the Dungeon.
You worshipped Trog.
Trog was greatly pleased with you.
You visited 1 branch of the dungeon, and saw 10 of its levels.

You collected 953 gold pieces.
You spent 420 gold pieces at shops.

Inventory:

Hand Weapons
 a - a +5 morningstar
 b - a +3 broad axe (weapon)
 l - a +0 sling
 D - a +1 heavy shortbow
 E - a +4 battleaxe
Missiles
 n - 76 stones (quivered)
 o - 6 curare-tipped darts
 p - 2 throwing nets
 G - 17 poisoned darts
Armour
 t - a +1 helmet (worn)
 y - a +0 helmet of see invisible
 A - a +1 cloak (worn)
 C - a +0 chain mail (worn)
 H - a +0 kite shield (worn)
Jewellery
 v - a +5 ring of evasion (left hand)
 z - a ring of resist corrosion (right hand)
 F - an amulet of reflection (around neck)
Wands
 h - a wand of charming (9)
 i - a wand of quicksilver (1)
 r - a wand of flame (27)
 s - a wand of roots (11)
Scrolls
 g - 4 scrolls of blinking
 q - a scroll of teleportation
 w - 2 scrolls of magic mapping
 I - a scroll of identify
Potions
 c - a potion of berserk rage
 d - 3 potions of might
 e - 2 potions of haste
 f - 2 potions of mutation
 j - 5 potions of curing
 k - 2 potions of heal wounds
 m - 5 potions of magic
 u - 3 potions of flight
 x - a potion of ambrosia {unknown}
 B - a potion of resistance {unknown}


   Skills:
 - Level 5.0 Fighting
 - Level 11.7(12.0) Axes
 - Level 3.9(9.1) Maces & Flails
 * Level 8.5 Armour
 - Level 1.3 Dodging
 * Level 4.1 Shields


You had 10 spell levels left.
You didn't know any spells.
Your spell library was empty.

Dungeon Overview and Level Annotations

Branches:
Dungeon (10/15)            Temple (0/1) D:4
   Lair: D:8-11         Orc: D:9-12

Altars:
Hepliaklqana
Nemelex Xobeh
Okawaru
Sif Muna
Yredelemnul
The Shining One

Shops:
D:6 =   D:7 (

Annotations:
D:10 Snorg


Innate Abilities, Weirdness & Mutations

You are completely covered in rugged brown scales. (AC +3, +7% HP)
Armour fits poorly on your strangely shaped body.
You have a long armoured tail.
You roll when moving toward enemies. (Rampage)
Your long tongue fully drains potion bottles. (2x potion effects)
Your tongue gives you trouble enunciating. (1.5x scroll delay)


Message History

Found 27 gold pieces.
Found an escape hatch in the ceiling.
Found a stone staircase leading down.
Press: ? - help, v - describe, . - travel
Here: Snorg An open door.
You closely miss Snorg. You tail-slap Snorg!
Snorg is lightly wounded.
Snorg closely misses you. You block Snorg's attack. Snorg claws you.
You hit Snorg.
Your tail-slap misses Snorg.
Snorg is lightly wounded.
Snorg goes berserk!
You slice Snorg!!
Snorg is moderately wounded.
You block Snorg's attack. Snorg closely misses you. You block Snorg's attack.
Snorg completely misses you. Snorg claws you. Snorg claws you!!
You slash Snorg!
Snorg is moderately wounded.
Snorg bites you. Snorg closely misses you. Snorg claws you.
The yak snorts and paws the ground.
A red film seems to cover your vision as you go berserk!
You feel yourself moving faster!
You feel mighty! You block Snorg's attack. x2
Snorg claws you! You block Snorg's attack. Snorg claws you!!
Snorg barely misses you.
You closely miss Snorg.
Snorg is moderately wounded.
Snorg bites you!! You block Snorg's attack. Snorg closely misses you.
You are too berserk!
Unknown command.
Snorg attacks as you move away! Snorg bites you!!
* * * LOW HITPOINT WARNING * * *
You block Snorg's attack. x2
You feel a strong urge to attack something.
You are too berserk!
Unknown command.
You feel your anger nearly subside. Snorg attacks as you move away!
Snorg closely misses you. Snorg claws you but does no damage. x2
Your blood rage is quickly leaving you.
Snorg attacks as you move away! Snorg bites you!!
You die...

#......# #.# #......# #.#
###'#### #.# #.##### #.#
#....<# #.# ######.###
##.### #........# ###....#
#........# #......#
#........# #.#@...#####.#
#........####.#T.........#
#.............#....#######
#........########.##
#........# ##Y# #######.##
#.Y# ..# #.## .## #Y# ..


YY. You could see Snorg (berserk) and 2 yaks.

Vanquished Creatures
  A two-headed ogre (D:8)
  Pikel (D:5)
  A cyclops (D:8)
  A troll (D:10)
  7 yaks
  Eustachio (D:4)
  A vampire (D:9)
  2 steam dragons
  A vampire mosquito (D:8)
  3 water moccasins
  2 acid dragons (D:9)
  2 orc warriors
  3 ice beasts
  2 black bears
  3 ogres
  A sky beast (D:7)
  2 centaurs
  A lemure (D:5)
  2 phantoms
  3 kobold brigands
  5 bullfrogs
  2 gnoll sergeants (D:8)
  16 wights
  3 killer bees
  A howler monkey (D:8)
  A jelly (D:8)
  5 hounds
  4 orc priests
  A gnoll bouda (D:5)
  2 iguanas
  2 sleepcaps
  Natasha (thrice) (D:2)
  7 orc wizards
  Robin (D:3)
  10 gnolls
  4 adders
  A shadow imp (D:8)
  A white imp (D:8)
  3 worms
  3 dart slugs
  31 orcs
  4 ball pythons
  3 bats (D:1)
  9 endoplasms
  4 giant cockroaches (D:1)
  13 goblins
  8 hobgoblins
  5 jackals
  8 quokkas
  5 frilled lizards
  4 kobolds
  2 rats
211 creatures vanquished.

Vanquished Creatures (others)
  An orc wizard (D:5)
1 creature vanquished.

Grand Total: 212 creatures vanquished

Notes
Turn   | Place    | Note
-------+----------+-------------------------------------------
     0 | D:1      | Gogs the Armataur Berserker began the quest for the Orb.
     0 | D:1      | Reached XP level 1. HP: 19/19 MP: 1/1
   235 | D:1      | Reached XP level 2. HP: 22/26 MP: 2/2
   784 | D:1      | Reached XP level 3. HP: 33/33 MP: 3/3
   888 | D:1      | Reached ** piety under Trog
  1344 | D:2      | Noticed Natasha
  1357 | D:2      | Killed Natasha
  1358 | D:2      | Reached XP level 4. HP: 14/40 MP: 4/4
  1492 | D:2      | Noticed Natasha
  1498 | D:2      | Killed Natasha
  1537 | D:2      | Noticed Natasha
  1548 | D:2      | Killed Natasha
  1549 | D:2      | Reached skill level 1 in Axes
  2044 | D:3      | Noticed an ice beast
  2055 | D:3      | Identified the +10 short sword of Uskayaw's Regard {heavy,
                  | rPois Will- Str+2 SInv}
  2059 | D:3      | Found a faded altar of an unknown god.
  2161 | D:3      | Noticed Robin
  2224 | D:2      | Reached XP level 5. HP: 44/48 MP: 5/5
  2322 | D:3      | Killed Robin
  2396 | D:3      | Found a shimmering blue altar of Sif Muna.
  2467 | D:3      | Killed an ice beast
  2468 | D:3      | Reached skill level 2 in Axes
  2626 | D:3      | Reached XP level 6. HP: 54/54 MP: 6/6
  2724 | D:3      | Reached skill level 3 in Axes
  2740 | D:3      | Reached skill level 5 in Armour
  2952 | D:3      | Found a glowing golden altar of the Shining One.
  3070 | D:4      | Found a staircase to the Ecumenical Temple.
  3098 | D:4      | Reached skill level 4 in Axes
  3098 | D:4      | Reached XP level 7. HP: 60/60 MP: 7/7
  3133 | D:4      | Reached *** piety under Trog
  3719 | D:4      | Noticed Eustachio
  3731 | D:4      | Killed Eustachio
  3732 | D:4      | Reached skill level 5 in Axes
  4310 | D:5      | Entered Level 5 of the Dungeon
  4348 | D:5      | Found a sparkling altar of Nemelex Xobeh.
  4408 | D:5      | Reached skill level 6 in Axes
  4595 | D:5      | Reached XP level 8. HP: 39/49 MP: 8/8
  4923 | D:5      | Found a hazy altar of Hepliaklqana.
  5102 | D:5      | Noticed Pikel
  5118 | D:5      | Killed Pikel
  5119 | D:5      | Reached skill level 8 in Axes
  5482 | D:6      | Found Peenn's Jewellery Emporium.
  5614 | D:6      | Reached XP level 9. HP: 73/73 MP: 9/9
  5629 | D:6      | Reached skill level 9 in Axes
  5675 | D:6      | Found an iron altar of Okawaru.
  6376 | D:7      | Reached **** piety under Trog
  6423 | D:7      | Reached skill level 10 in Axes
  6501 | D:7      | Found Dal Ynav's Weapon Shoppe.
  8398 | D:8      | Noticed a cyclops
  8406 | D:8      | Killed a cyclops
  8407 | D:8      | Reached XP level 10. HP: 70/83 MP: 10/10
  9100 | D:8      | Reached skill level 11 in Axes
  9471 | D:8      | Noticed a two-headed ogre
  9552 | D:8      | Killed a two-headed ogre
  9708 | D:8      | Reached skill level 5 in Fighting
 10188 | D:9      | Reached skill level 1 in Shields
 10443 | D:9      | Reached ***** piety under Trog
 11184 | D:9      | Found a basalt altar of Yredelemnul.
 11475 | D:6      | Bought an amulet of reflection for 420 gold pieces
 11664 | D:10     | Entered Level 10 of the Dungeon
 11704 | D:10     | Reached XP level 11. HP: 85/92 MP: 11/11
 11805 | D:10     | Noticed Snorg
 11821 | D:10     | Slain by Snorg

Illustrated notes

Levels and vault maps discovered:
D:1:      elethiomel_arrival_shortcut, layout_loops_corners,
          minmay_misc_feat_five, minmay_misc_feat_square, st_stairs_4,
          chequers_serial_rivers_large_a
D:2:      layout_rooms, uniq_natasha
D:3:      layout_rooms, lemuel_coloured_pillars_altar, lemuel_round_altar,
          ebering_ecumenical_altar_webs, cheibrodos_gnoll_hut, uniq_robin
D:4:      layout_loops_corners, minmay_temple_entry_tees, uniq_eustachio
D:5:      layout_basic, mainiacjoe_overflow_catwalk,
          worldfamousw_hep_ancestral_shrine, uniq_pikel
D:6:      layout_cave_pods, lemuel_doored_altar, hangedman_decor_diamond_cutter,
          nicolae_water_bricks, minmay_shop_grid_forest, hellmonk_no_cap
D:7:      nicolae_BIG_FREAKIN_CUBE, layout_basic, serial_shops,
          nicolae_shop_trees
D:8:      minmay_polygon_palace, layout_gridville, minmay_sticks_and_stones
D:9:      layout_irregular_city, mainiacjoe_overflow_24_doors,
          small_statue_intersection
D:10:     layout_roguey, mainiacjoe_overflow_cross_hatched, orc_david_3,
          uniq_amaemon, uniq_snorg, uniq_sonja

Skill      XL: |  1  2  3  4  5  6  7  8  9 10 |
---------------+-------------------------------+-----
Maces & Flails | 3 |  3.9
Fighting       | 3 4 5 |  5.0
Armour         | 3 4 5 6 8 |  8.5
Axes           | 1 2 4 6 8 10 11 | 11.7
Shields        | 4 |  4.1
Dodging        | |  1.3

Action                     |  1- 3 |  4- 6 |  7- 9 | 10-12 || total
---------------------------+-------+-------+-------+-------++-------
  Melee: Mace              |   120 |       |       |       ||   120
         Tailslap          |    10 |    10 |    40 |    37 ||    97
         Punch             |     1 |     1 |     5 |     1 ||     8
         Broad axe         |       |    93 |   335 |   173 ||   601
   Fire: Shortbow          |       |       |       |     2 ||     2
 Invoke: Berserk           |     1 |     3 |     2 |     3 ||     9
         Trog's Hand       |     1 |       |     1 |       ||     2
    Use: Scroll            |     1 |     7 |     7 |     8 ||    23
         Potion            |       |       |     1 |       ||     1
 Armour: Animal skin       |     8 |       |       |       ||     8
         Ring mail         |    61 |    83 |   137 |    32 ||   313
         Chain mail        |       |       |       |    41 ||    41
  Dodge: Dodged            |    49 |    76 |   189 |   130 ||   444
  Block: Kite shield       |       |       |       |    58 ||    58
